 Dungeon Crawl Stone Soup version 0.29.1-2-gbd0b4ee654 (webtiles) character file.

Game seed: 11320470796342003998

127 GorkyZ the Cudgeller (level 4, 0/34 HPs)
             Began as a Demonspawn Gladiator on Nov 17, 2022.
             Killed from afar by an orc wizard (8 damage)
             ... with a magic dart
             ... on level 3 of the Dungeon.
             The game lasted 00:17:34 (2161 turns).

GorkyZ the Cudgeller (Demonspawn Gladiator)         Turns: 2161, Time: 00:17:36

Health: 0/34       AC: 15    Str: 17    XL:     4   Next: 85%
Magic:  4/4        EV: 11    Int:  9    God:
Gold:   173        SH:  5    Dex: 14    Spells: 3/3 levels left

rFire   . . .      SeeInvis .   m - +0 dagger (protect)
rCold   . . .      Faith    .   (no shield)
rNeg    . . .      Spirit   .   f - +0 ring mail
rPois   .          Reflect  +   (helmet restricted)
rElec   .          Harm     .   (no cloak)
rCorr   .          Rampage  .   (no gloves)
Will    .....                   h - +2 pair of boots
Stlth   +.........              i - amulet of reflection
HPRegen 0.11/turn               (no ring)
MPRegen 0.09/turn               (no ring)

@: under a protective aura
A: antennae 1
a: no special abilities


You were on level 3 of the Dungeon.
You visited 1 branch of the dungeon, and saw 3 of its levels.

You collected 173 gold pieces.

Inventory:

Hand Weapons
 a - a +0 flail
 m - a +0 dagger of protection (weapon)
 o - a +0 dagger
Missiles
 d - 3 throwing nets (quivered)
 e - a javelin
Armour
 b - a +0 leather armour
 c - a +0 helmet
 f - a +0 ring mail (worn)
 h - a +2 pair of boots (worn)
Jewellery
 i - an amulet of reflection (around neck)
Potions
 g - a potion of invisibility
 n - a potion of haste


   Skills:
 + Level 2.9 Fighting
 + Level 3.3 Maces & Flails
 + Level 2.5 Throwing
 + Level 1.6 Armour
 + Level 3.2 Dodging


You had 3 spell levels left.
You didn't know any spells.
Your spell library was empty.

Dungeon Overview and Level Annotations

Branches:
Dungeon (3/15)

Altars:
Kikubaaqudgha

Annotations:
D:3 Ijyb


Innate Abilities, Weirdness & Mutations

You have a pair of small antennae on your head.


Message History

You hit Ijyb but do no damage.
Ijyb is heavily wounded.
An orc wizard appears from thin air!
Reactivating autopickup.
Ijyb closely misses you. The orc wizard closely misses you.
You barely miss Ijyb.
Ijyb is heavily wounded.
Ijyb hits you but does no damage. You block the orc wizard's attack.
You barely miss Ijyb.
Ijyb is heavily wounded.
You block the orc wizard's attack. Ijyb hits you but does no damage.
You barely miss Ijyb.
Ijyb is heavily wounded.
Ijyb screams, "No!
No, no, no, no!"
Ijyb closely misses you.
The orc wizard hits you but does no damage.
You hit Ijyb but do no damage.
Ijyb is heavily wounded.
Ijyb hits you but does no damage. The orc wizard closely misses you.
You closely miss Ijyb.
Ijyb is heavily wounded.
You block Ijyb's attack.
The orc wizard hits you but does no damage.
You hit Ijyb but do no damage.
Ijyb is heavily wounded.
Ijyb hits you but does no damage.
The orc wizard gestures wildly while chanting.
The orc wizard flickers and vanishes!
Deactivating autopickup; reactivate with Ctrl-A.
You hit Ijyb but do no damage.
Ijyb is heavily wounded.
You float gracefully downwards.
Ijyb closely misses you. Something hits you.
* * * LOW HITPOINT WARNING * * *
You hit Ijyb but do no damage.
Ijyb is heavily wounded.
Ijyb hits you but does no damage.
You hear some strange, mumbled words.
A magic dart appears from out of thin air!
The magic dart hits you!
You die...

#... #.# #.. #.# ...
#.# #.# #.# #.#######.#
.. #.#....##.# ...
#g#....##.#
...####g#....##.#
#.....#@{o....#.#
#.....###.....#.#
#........####.#รท######
#....................#
#........####.#......#
#........# #.#####..#
###......# #.# #..#
#...)..# #.#####..###
#......# #.#.........


You could see Ijyb, an orc and a goblin.

Vanquished Creatures
  A scorpion (D:3)
  An orc wizard (D:3)
  2 orcs (D:3)
  2 endoplasms
  A giant cockroach (D:1)
  6 goblins
  2 hobgoblins
  3 quokkas
  5 ball pythons
  8 bats
  5 frilled lizards
  5 kobolds
  3 rats
44 creatures vanquished.

Notes
Turn   | Place    | Note
-------+----------+-------------------------------------------
     0 | D:1      | GorkyZ the Demonspawn Gladiator began the quest for the
                  | Orb.
     0 | D:1      | Reached XP level 1. HP: 16/16 MP: 1/1
   321 | D:1      | Found an ancient bone altar of Kikubaaqudgha.
   338 | D:1      | Gained mutation: You have a pair of small antennae on your
                  | head. [demonic ancestry]
   338 | D:1      | Reached XP level 2. HP: 14/22 MP: 2/2
  1164 | D:2      | Reached XP level 3. HP: 28/28 MP: 3/3
  1202 | D:2      | Found a faded altar of an unknown god.
  1662 | D:3      | Reached skill level 1 in Armour
  1721 | D:3      | Noticed a scorpion
  1733 | D:3      | Killed a scorpion
  1734 | D:3      | Reached XP level 4. HP: 24/34 MP: 4/4
  2072 | D:3      | Noticed Ijyb
  2161 | D:3      | Killed from afar by an orc wizard

Illustrated notes

Levels and vault maps discovered:
D:1:      sevenhm_arrival_forest_fort_large_4, layout_basic, minmay_hexomino_r4
D:2:      layout_basic, shapermc_ecumenical_altar_mp_ritualfount
D:3:      layout_basic, uniq_ijyb

Skill      XL: |  1  2  3 |
---------------+----------+-----
Throwing       | 2 |  2.5
Maces & Flails | 3 |  3.3
Armour         | 1 |  1.6
Dodging        | 3 |  3.2
Fighting       | |  2.9

Action                   |  1- 3 |  4- 6 || total
-------------------------+-------+-------++-------
Melee: Flail             |   125 |    21 ||   146
       Punch             |     1 |     2 ||     3
       Dagger            |       |    75 ||    75
  Use: Scroll            |     8 |     1 ||     9
       Potion            |     2 |     5 ||     7
Armor: Ring mail         |    75 |    63 ||   138
Dodge: Dodged            |   111 |    39 ||   150
Block: Other             |       |    16 ||    16
